 Dungeon Crawl Stone Soup version 0.31-a0-40-g1d5085d191 (webtiles) character file.

Game seed: 7528551146521893289

3477 frimble the Carver (level 10, -5/77 HPs)
             Began as a Gnoll Reaver on May 17, 2023.
             Was a Believer of Cheibriados.
             Slain by Grum
             ... wielding a +1 spear
              (19 damage)
             ... on level 8 of the Dungeon.
             The game lasted 00:09:16 (7963 turns).

frimble the Carver (Gnoll Reaver)                   Turns: 7963, Time: 00:09:16

Health: -5/77      AC: 10    Str: 16    XL:     10   Next: 6%
Magic:  24/29      EV: 13    Int: 21    God:    Cheibriados [**....]
Gold:   425        SH:  0    Dex: 14    Spells: 17/23 levels left

rFire   . . .        B - +2 falchion (drain)
rCold   . . .        (no shield)
rNeg    . . .        d - +0 ring mail "Tasmuhemm" {-Tele MP+9 Slay+3}
rPois   .            k - +0 helmet
rElec   .            b - +1 cloak
rCorr   .            c - +0 pair of gloves
SInv    .            (no boots)
Will    +....        (no amulet)
Stlth   ++           g - ring of wizardry
HPRegen 0.32/turn    w - ring of willpower
MPRegen 0.21/turn

%: no teleportation, wizardry (x1)
@: very slow
A: fangs 1, strong nose, distributed training
a: Renounce Religion, Bend Time


You were on level 8 of the Dungeon.
You worshipped Cheibriados.
Cheibriados was pleased with you.
You visited 2 branches of the dungeon, and saw 9 of its levels.

You collected 425 gold pieces.

Inventory:

Hand Weapons
 B - a +2 falchion of draining (weapon)
Armour
 b - a +1 cloak (worn)
 c - a +0 pair of gloves (worn)
 d - the +0 ring mail "Tasmuhemm" (worn) {-Tele MP+9 Slay+3}
   (You found it on level 2 of the Dungeon)

   Slay:      It affects your accuracy & damage with ranged weapons and melee
   (+3).
   MP:        It affects your magic capacity (+9).
   -Tele:     It prevents most forms of teleportation.
 i - a +0 kite shield
 k - a +0 helmet (worn)
 p - a +1 cloak
Jewellery
 g - a ring of wizardry (left hand)
 h - a ring of poison resistance
 v - a ring of resist corrosion
 w - a ring of willpower (right hand)
Wands
 m - a wand of flame (14)
 x - a wand of mindburst (13)
Scrolls
 e - 2 scrolls of enchant weapon
 f - 2 scrolls of blinking
 o - 2 scrolls of poison
 u - a scroll of amnesia
 y - 2 scrolls of identify
 z - 2 scrolls of magic mapping
Potions
 a - a potion of might {unknown}
 l - a potion of brilliance
 n - 3 potions of degeneration {unknown}
 q - a potion of ambrosia
 r - a potion of lignification {unknown}
 s - a potion of resistance
 t - 3 potions of attraction {unknown}
 C - 2 potions of curing
 E - 2 potions of flight


   Skills:
 + Level 6.9 Fighting
 + Level 5.1 Short Blades
 + Level 8.4 Long Blades
 + Level 5.1 Axes
 + Level 5.1 Maces & Flails
 + Level 5.1 Polearms
 + Level 5.1 Staves
 + Level 5.1 Ranged Weapons
 + Level 5.1 Throwing
 + Level 5.1 Armour
 + Level 6.9 Dodging
 + Level 5.1 Stealth
 + Level 5.1 Shields
 + Level 5.1 Unarmed Combat
 + Level 7.2 Spellcasting
 + Level 7.0 Conjurations
 + Level 4.2 Hexes
 + Level 4.2 Summonings
 + Level 4.2 Necromancy
 + Level 4.2 Translocations
 + Level 4.2 Transmutations
 + Level 4.2 Fire Magic
 + Level 4.2 Ice Magic
 + Level 4.2 Air Magic
 + Level 4.2 Earth Magic
 + Level 4.2 Poison Magic
 + Level 5.6 Invocations
 + Level 5.1 Evocations


You had 17 spell levels left.
You knew the following spells:

 Your Spells              Type           Power      Damage    Failure   Level
a - Summon Lightning Spi  Summ/Air       25%        N/A       11%         4
b - Momentum Strike       Conj/Tloc      62%        3d9       1%          2

Your spell library contained the following spells:

 Spells                   Type           Power      Damage    Failure   Level
 Kiss of Death            Conj/Necr      100%       2d13      1%          1
 Slow                     Hex            100%       N/A       1%          1
 Ensorcelled Hibernation  Hex/Ice        50%        N/A       1%          2
 Static Discharge         Conj/Air       62%        2-5/arc   1%          2
 Hailstorm                Conj/Ice       31%        3d8       1%          3
 Call Canine Familiar     Summ           25%        N/A       3%          3
 Confusing Touch          Hex            25%        N/A       3%          3
 Portal Projectile        Hex/Tloc       50%        N/A       3%          3
 Spider Form              Tmut/Pois      25%        N/A       3%          3
 Vampiric Draining        Necr           25%        2d7       3%          3
 Airstrike                Air            12%        2d(2-18)  11%         4
 Anguish                  Hex/Necr       12%        N/A       11%         4
 Leda's Liquefaction      Hex/Erth       12%        N/A       11%         4
 Storm Form               Tmut/Air       12%        N/A       100%        7
 Maxwell's Capacitive Co  Air            12%        ∞         100%        8


Dungeon Overview and Level Annotations

Branches:
Dungeon (8/15)             Temple (1/1) D:6            Lair (0/5) D:8

Altars:
Ashenzari
Cheibriados
Dithmenos
Elyvilon
Fedhas
Gozag
Hepliaklqana
Kikubaaqudgha
Makhleb
Nemelex Xobeh
Okawaru
Qazlal
Ru
Sif Muna
Trog
Uskayaw
Vehumet
Wu Jian
Xom
Yredelemnul
Zin
The Shining One

Annotations:
D:8 Grum


Innate Abilities, Weirdness & Mutations

You have very sharp teeth.
Your uncanny sense of smell can sniff out nearby items.
Your experience applies equally to all skills.


Message History

You slash the wolf!
The wolf is severely wounded.
The wolf bites you but does no damage.
The wolf bites your lightning spire but does no damage.
The wolf bites your lightning spire!
Your lightning spire is destroyed!
Your lightning spire disappears in a puff of smoke!
The wolf barely misses you.
Grum hits you from afar with a +1 spear.
The wolf howls!
You closely miss the wolf.
The wolf is severely wounded.
The wolf closely misses you.
Casting: Summon Lightning Spire (dangerous; 12% risk of failure)
Confirm with . or Enter, or press ? or * to list all spells.
An electric hum fills the air.
The wolf bites you but does no damage. x2
The wolf barely misses you.
Grum hits you from afar with a +1 spear!!
* * * LOW HITPOINT WARNING * * *
The wolf bites you but does no damage.
You feel much better. The wolf bites you. x2
* * * LOW HITPOINT WARNING * * *
The wolf bites you.
* * * LOW HITPOINT WARNING * * *
Grum hits you from afar with a +1 spear.
* * * LOW HITPOINT WARNING * * *
The wolf bites you.
* * * LOW HITPOINT WARNING * * *
The wolf closely misses you.
Your lightning spire shoots out a bolt of lightning at the wolf!
The bolt of electricity hits the wolf!
The wolf dies!
Cheibriados thoroughly appreciates the change of pace.
The bolt of electricity hits Grum!
Your Conjurations skill increases to level 7!
The wolf barely misses you. The wolf bites you.
* * * LOW HITPOINT WARNING * * *
The wolf misses you.
Grum hits you from afar with a +1 spear!!
You die...

#....## ##.##..######
##...##.......
###..~..########
#...~~~...# # #.#..~..#.#
# #.##...##... #
.##########..##.### #.# #
......†gh@......... ..∆
....§...h###+##+#.#
..(.....8.. .#
.........#.# #..##########
.....#.>.....#............
#.#..#.###.###.#####...###
. #. #. . ...........+..
#. ## #########>..#..
.......'......


You could see Grum, 2 wolves and a friendly lightning spire (summoned).

Vanquished Creatures
  Prince Ribbit (D:6)
  Menkaure (D:5)
  A water moccasin (D:7)
  4 orc warriors
  2 black bears
  2 sky beasts
  A wolf (D:8)
  An ogre (D:5)
  3 centaurs
  A phantom (D:4)
  2 bullfrogs
  4 scorpions
  A gnoll sergeant (D:8)
  2 killer bees
  A howler monkey (D:8)
  2 jellies (D:6)
  8 orc priests
  2 hounds
  Crazy Yiuf (D:7)
  2 sleepcaps
  Terence (D:3)
  7 iguanas
  4 orc wizards
  11 gnolls
  7 adders
  A shadow imp (D:7)
  4 white imps
  An ufetubus (D:4)
  A dart slug (D:1)
  2 worms
  21 orcs
  6 ball pythons
  6 endoplasms
  A giant cockroach (D:3)
  9 goblins
  6 hobgoblins (D:1)
  5 quokkas
  5 bats
  3 frilled lizards
  5 kobolds
  3 rats
151 creatures vanquished.

Vanquished Creatures (collateral kills)
  A wolf (D:8)
  2 killer bees (D:8)
  3 gnolls (D:8)
  2 orcs (D:8)
8 creatures vanquished.

Vanquished Creatures (others)
  An orc wizard (D:7)
  A goblin (D:4)
2 creatures vanquished.

Grand Total: 161 creatures vanquished

Notes
Turn   | Place    | Note
-------+----------+-------------------------------------------
     0 | D:1      | frimble the Gnoll Reaver began the quest for the Orb.
     0 | D:1      | Reached XP level 1. HP: 20/20 MP: 6/6
   181 | D:1      | Reached XP level 2. HP: 21/26 MP: 7/7
   641 | D:1      | Reached skill level 5 in Spellcasting
   641 | D:1      | Reached XP level 3. HP: 31/31 MP: 7/9
   900 | D:1      | Reached skill level 1 in Invocations
  1299 | D:2      | Identified the +0 ring mail "Tasmuhemm" {-Tele MP+9 Slay+3}
  1300 | D:2      | Found a faded altar of an unknown god.
  1376 | D:2      | Reached skill level 1 in Short Blades
  1376 | D:2      | Reached skill level 1 in Axes
  1376 | D:2      | Reached skill level 1 in Maces & Flails
  1376 | D:2      | Reached skill level 1 in Polearms
  1376 | D:2      | Reached skill level 1 in Staves
  1376 | D:2      | Reached skill level 1 in Ranged Weapons
  1376 | D:2      | Reached skill level 1 in Throwing
  1376 | D:2      | Reached skill level 1 in Armour
  1376 | D:2      | Reached skill level 1 in Stealth
  1376 | D:2      | Reached skill level 1 in Shields
  1376 | D:2      | Reached skill level 1 in Unarmed Combat
  1376 | D:2      | Reached skill level 1 in Evocations
  1754 | D:3      | Noticed Terence
  1757 | D:3      | Learned a level 2 spell: Momentum Strike
  1764 | D:3      | Reached XP level 4. HP: 31/38 MP: 11/11
  1778 | D:3      | Reached skill level 1 in Hexes
  1778 | D:3      | Reached skill level 1 in Summonings
  1778 | D:3      | Reached skill level 1 in Necromancy
  1778 | D:3      | Reached skill level 1 in Translocations
  1778 | D:3      | Reached skill level 1 in Transmutations
  1778 | D:3      | Reached skill level 1 in Fire Magic
  1778 | D:3      | Reached skill level 1 in Ice Magic
  1778 | D:3      | Reached skill level 1 in Air Magic
  1778 | D:3      | Reached skill level 1 in Earth Magic
  1778 | D:3      | Reached skill level 1 in Poison Magic
  1785 | D:3      | Killed Terence
  1889 | D:3      | Reached XP level 5. HP: 43/43 MP: 12/12
  2535 | D:4      | Noticed a phantom
  2560 | D:4      | Reached XP level 6. HP: 28/50 MP: 14/14
  2576 | D:4      | Reached skill level 5 in Fighting
  2576 | D:4      | Reached skill level 5 in Dodging
  2842 | D:3      | Reached skill level 7 in Long Blades
  2842 | D:3      | Reached XP level 7. HP: 12/56 MP: 15/15
  3618 | D:5      | Entered Level 5 of the Dungeon
  3623 | D:5      | Noticed Menkaure
  3637 | D:5      | Killed Menkaure
  4145 | D:5      | Reached XP level 8. HP: 58/63 MP: 16/16
  5303 | D:6      | Found a staircase to the Ecumenical Temple.
  5417 | D:6      | Noticed Prince Ribbit
  5438 | D:6      | Killed Prince Ribbit
  5620 | Temple   | Entered the Ecumenical Temple
  5647 | Temple   | Became a worshipper of Cheibriados the Contemplative
  6023 | D:7      | Reached XP level 9. HP: 69/69 MP: 18/18
  6224 | D:7      | Reached * piety under Cheibriados
  6247 | D:7      | Reached skill level 8 in Long Blades
  6371 | D:7      | Found a runed translucent door.
  6372 | D:7      | Noticed Crazy Yiuf
  6683 | D:7      | Killed Crazy Yiuf
  6721 | D:8      | Found a staircase to the Lair.
  6785 | D:8      | Found a sacrificial altar of Ru.
  6785 | D:8      | Found an iron altar of Okawaru.
  6849 | D:8      | HP: 1/71 [orc warrior/+1 war axe of freezing (4)]
  6854 | D:8      | Reached skill level 5 in Invocations
  7192 | D:8      | Found a shadowy altar of Dithmenos.
  7452 | D:8      | Reached ** piety under Cheibriados
  7674 | D:8      | Reached skill level 5 in Short Blades
  7674 | D:8      | Reached skill level 5 in Axes
  7674 | D:8      | Reached skill level 5 in Maces & Flails
  7674 | D:8      | Reached skill level 5 in Polearms
  7674 | D:8      | Reached skill level 5 in Staves
  7674 | D:8      | Reached skill level 5 in Ranged Weapons
  7674 | D:8      | Reached skill level 5 in Throwing
  7674 | D:8      | Reached skill level 5 in Armour
  7674 | D:8      | Reached skill level 5 in Stealth
  7674 | D:8      | Reached skill level 5 in Shields
  7674 | D:8      | Reached skill level 5 in Unarmed Combat
  7674 | D:8      | Reached skill level 5 in Evocations
  7674 | D:8      | Reached XP level 10. HP: 77/77 MP: 20/20
  7679 | D:8      | Learned a level 4 spell: Summon Lightning Spire
  7948 | D:8      | Noticed Grum
  7963 | D:8      | Slain by Grum

Illustrated notes

Levels and vault maps discovered:
D:1:      roderic_octagonal_star, layout_basic, serial_glass, glass_columns_a,
          glass_columns_c, glass_columns_a, glass_columns_a, glass_columns_c,
          feat_on_display, minmay_misc_feat_columns,
          chequers_serial_rivers_room_b
D:2:      layout_rooms, basic_ecumenical_altar, small_statue_intersection,
          hangedman_glass_teeth, minmay_tripent
D:3:      layout_basic, minmay_misc_feat_four_crosses, uniq_terence
D:4:      layout_rooms, nrook_mini_vaults, grunt_decor_mini_mirrors,
          serial_bayou_crossing
D:5:      layout_layer_cave, uniq_menkaure
D:6:      layout_cave_pools, minmay_temple_entry_antechambers,
          uniq_prince_ribbit1
D:7:      layout_loops_ring, minmay_bent, uniq_crazy_yiuf_cottage
D:8:      minmay_bubble_buster, layout_basic, nicolae_dithmenos_shadow_blocks,
          amethyst_overflow_temple_binary, amcnicky_mini_pool_small,
          minmay_sticks_and_stones, uniq_maggie, uniq_grum
Temple:   hellmonk_temple_of_storms

Skill      XL: |  1  2  3  4  5  6  7  8  9 10 |
---------------+-------------------------------+-----
Spellcasting   | 5 6 7 |  7.2
Invocations    | 1 2 3 4 5 |  5.6
Short Blades   | 1 2 3 5 |  5.1
Axes           | 1 2 3 5 |  5.1
Maces & Flails | 1 2 3 5 |  5.1
Polearms       | 1 2 3 5 |  5.1
Staves         | 1 2 3 5 |  5.1
Ranged Weapons | 1 2 3 5 |  5.1
Throwing       | 1 2 3 5 |  5.1
Armour         | 1 2 3 5 |  5.1
Stealth        | 1 2 3 5 |  5.1
Shields        | 1 2 3 5 |  5.1
Unarmed Combat | 1 2 3 5 |  5.1
Evocations     | 1 2 3 5 |  5.1
Hexes          | 1 2 3 4 |  4.2
Summonings     | 1 2 3 4 |  4.2
Necromancy     | 1 2 3 4 |  4.2
Translocations | 1 2 3 4 |  4.2
Transmutations | 1 2 3 4 |  4.2
Fire Magic     | 1 2 3 4 |  4.2
Ice Magic      | 1 2 3 4 |  4.2
Air Magic      | 1 2 3 4 |  4.2
Earth Magic    | 1 2 3 4 |  4.2
Poison Magic   | 1 2 3 4 |  4.2
Fighting       | 5 6 |  6.9
Dodging        | 5 6 |  6.9
Long Blades    | 7 8 |  8.4
Conjurations   | 6 7 |  7.0

Action                     |  1- 3 |  4- 6 |  7- 9 | 10-12 || total
---------------------------+-------+-------+-------+-------++-------
  Melee: Falchion          |   118 |   143 |   273 |    10 ||   544
         Bite              |     5 |    12 |    40 |       ||    57
         Punch             |     1 |     2 |     9 |       ||    12
         Long sword        |       |       |    64 |       ||    64
   Cast: Momentum Strike   |       |     1 |     2 |       ||     3
         Summon Lightning  |       |       |       |     2 ||     2
  Evoke: Wand              |       |       |    10 |       ||    10
    Use: Scroll            |     2 |     3 |    12 |       ||    17
         Potion            |       |     1 |     6 |     1 ||     8
   Stab: Sleeping          |     1 |       |     1 |       ||     2
         Invisible         |       |       |     4 |       ||     4
 Armour: Leather armour    |     7 |       |       |       ||     7
         Ring mail         |     1 |    53 |   159 |     7 ||   220
  Dodge: Dodged            |    85 |    71 |   204 |    12 ||   372

Table legend: (Time is in decaauts)
 A = Elapsed time spent in this place.
 B = Non-inter-level travel time spent in this place.
 C = Inter-level travel time spent in this place.
 D = Time resting spent in this place.
 E = Time spent auto-exploring this place.
 F = Levels seen in this place.
 G = Mean time per level.
                   A        B        C        D        E       F      G
               +--------+--------+--------+--------+--------+-----+--------+
         Total |   8399 |   8077 |    322 |    280 |   6397 |   9 |  933.2 |
       Dungeon |   8349 |   8050 |    299 |    280 |   6388 |   8 | 1043.6 |
        Temple |     50 |     27 |     23 |      0 |      9 |   1 |   50.0 |
               +--------+--------+--------+--------+--------+-----+--------+

Top non-repeatable levels by time:
     D:8: 1471 daAuts
     D:7: 1251 daAuts
     D:5: 1152 daAuts
     D:1: 1035 daAuts
     D:3: 1029 daAuts
     D:6: 874 daAuts
     D:4: 818 daAuts
     D:2: 716 daAuts
  Temple: 50 daAuts
